 Dungeon Crawl Stone Soup version 0.26-a0-612-gd4d190f45e (webtiles) character file.

Game seed: 10023381649644655048

581 Colgate the Conjurer (level 6, 45/45 HPs)
             Began as a Demigod Conjurer on Sept 8, 2020.
             Quit the game on level 5 of the Dungeon on Sept 9, 2020.
             The game lasted 00:38:07 (5437 turns).

Colgate the Conjurer (Demigod Conjurer)             Turns: 5437, Time: 00:38:08

Health: 45/45      AC:  9    Str: 10    XL:     6   Next: 90%
Magic:  15/15      EV: 10    Int: 26    God:
Gold:   309        SH:  3    Dex: 14    Spells: 10/13 levels left

rFire    + . .     SeeInvis +   A - +2 war axe (holy)
rCold    . . .     Faith    .   g - +0 buckler
rNeg     . . .     Spirit   .   y - +1 ring mail {rF+}
rPois    .         Reflect  .   (no helmet)
rElec    .         Harm     .   (no cloak)
rCorr    .         Rnd*Tele +   i - +2 pair of gloves
MR       .....                  (no boots)
Stlth    +.........             (no amulet)
HPRegen  0.15/turn              j - ring of see invisible
MPRegen  0.14/turn              x - ring of teleportation (curse)

@: no status effects
A: high mp 1
a: no special abilities


You were on level 5 of the Dungeon.
You visited 1 branch of the dungeon, and saw 5 of its levels.

You collected 309 gold pieces.

Inventory:

Hand Weapons
 q - a +0 hunting sling
 A - a +2 war axe of holy wrath (weapon)
 F - a +2 vorpal flail
Missiles
 b - 199 stones (quivered)
 h - 30 arrows
 r - 86 bolts
 t - a throwing net
 D - 4 boomerangs
Armour
 a - a +0 robe
 g - a +0 buckler (worn)
 i - a +2 pair of gloves (worn)
 n - a +0 chain mail
 p - a +0 leather armour
 s - a +0 kite shield
 y - a +1 ring mail of fire resistance (worn)
Jewellery
 j - a ring of see invisible (left hand)
 x - a cursed ring of teleportation (right hand)
 C - an uncursed ring of ice
Wands
 B - a wand of random effects (11)
 E - a wand of acid (8)
Scrolls
 c - 10 scrolls of identify {unknown}
 e - a scroll of noise {unknown}
 f - 4 scrolls of remove curse {unknown}
 k - a scroll of teleportation {unknown}
 m - a scroll of magic mapping {unknown}
 o - a scroll of enchant armour {unknown}
 v - a scroll of enchant weapon {unknown}
Potions
 d - a potion of haste {unknown}
 l - 2 potions of mutation {unknown}
 u - a potion of heal wounds {unknown}
 w - 2 potions of might {unknown}
 z - a potion of curing {unknown}
 G - a potion of flight {unknown}
 H - a potion of degeneration {unknown}


   Skills:
 - Level 1.1 Armour
 - Level 1.7 Dodging
 - Level 1.7 Stealth
 - Level 4.0 Spellcasting
 + Level 6.6 Conjurations


You had 10 spell levels left.
You knew the following spells:

 Your Spells              Type           Power        Failure   Level
a - Magic Dart            Conj           ####         2%          1
b - Searing Ray           Conj           #####.       3%          2

Your spell library contained the following spells:

 Spells                   Type           Power        Failure   Level
 Dazzling Flash           Conj/Hex       ###...       28%         3
 Fulminant Prism          Conj/Hex       ###.......   67%         4
 Iskenderun's Mystic Bla  Conj/Tloc      ###.....     67%         4


Dungeon Overview and Level Annotations

Branches:
Dungeon (5/15)             Temple (0/1) D:4


Innate Abilities, Weirdness & Mutations

You have an increased reservoir of magic. (+10% MP)


Message History

The searing ray hits the giant cockroach!
You kill the giant cockroach! (Press . to maintain the ray.)
You see here a war axe.
You see here a robe.
Done exploring.
Done exploring.
Search for what [Enter for "d:3", or ? for help]? d:4 Unknown command.
Done exploring.
(D) Dungeon (T) Temple
Where to? (Enter - D:3 @ (x,y), ? - help)
What level of the Dungeon? (default 1, ? - help)
You see here a +0 giant club.
There is a stone staircase leading down here.
You climb downwards.
There is a stone staircase leading up here.
Welcome back, Colgate the Demigod Conjurer.
Press ? for a list of commands and other information.
Are you sure you want to abandon this character and quit the game? (Confirm with "yes".)

## #.
###.######.#
#...@......#
####.#####.#
... ###.# ..
.#. .#. ## .


There were no monsters in sight!

Vanquished Creatures
  Edmund (D:4)
  An ogre (D:4)
  4 orc priests (D:4)
  Natasha (thrice) (D:4)
  6 adders
  3 gnolls (D:2)
  3 oozes
  An adder skeleton (D:4)
  A worm (D:2)
  2 dart slugs
  4 leopard geckos
  11 orcs
  6 giant cockroaches
  7 goblins
  8 hobgoblins
  3 jackals (D:2)
  11 kobolds
  A quokka (D:4)
  2 ball pythons
  7 bats
  3 frilled lizards
  2 jackal skeletons (D:4)
  A quokka skeleton (D:4)
  7 rats
98 creatures vanquished.

Notes
Turn   | Place    | Note
-------+----------+-------------------------------------------
     0 | D:1      | Colgate the Demigod Conjurer began the quest for the Orb.
     0 | D:1      | Reached XP level 1. HP: 14/14 MP: 5/5
   164 | D:1      | Reached skill level 4 in Conjurations
   173 | D:1      | Reached XP level 2. HP: 20/20 MP: 0/7
   177 | D:1      | Learned a level 2 spell: Searing Ray
  1251 | D:2      | Reached XP level 3. HP: 26/26 MP: 4/8
  1432 | D:2      | Reached skill level 5 in Conjurations
  1663 | D:2      | Found a basalt altar of Yredelemnul.
  1666 | D:2      | Found a shimmering altar of Xom.
  1726 | D:2      | Reached XP level 4. HP: 33/33 MP: 3/9
  1816 | D:2      | Found an opulent altar of Gozag.
  2896 | D:3      | Found a glowing golden altar of the Shining One.
  3221 | D:3      | Reached skill level 6 in Conjurations
  3292 | D:3      | Reached XP level 5. HP: 38/38 MP: 6/10
  4012 | D:4      | Found a staircase to the Ecumenical Temple.
  4058 | D:4      | Noticed Edmund
  4114 | D:4      | Noticed Natasha
  4385 | D:4      | Killed Natasha
  4385 | D:4      | Noticed Natasha
  4392 | D:4      | Killed Natasha
  4392 | D:4      | Reached XP level 6. HP: 37/45 MP: 4/14
  4857 | D:4      | Reached skill level 1 in Armour
  4957 | D:4      | Found a snail-covered altar of Cheibriados.
  4968 | D:4      | Noticed Natasha
  4974 | D:4      | Killed Natasha
  4980 | D:4      | Killed Edmund
  5436 | D:5      | Entered Level 5 of the Dungeon
  5437 | D:5      | Quit the game

Illustrated notes

Levels and vault maps discovered:
D:1:      dpeg_arrival_signposts, layout_basic, grunt_decor_fettered
D:2:      layout_basic, grunt_gozag_statues, grunt_temple_overflow_open
D:3:      layout_basic, tso_altar
D:4:      layout_loops_ring, cheibriados_altar_1, minmay_temple_entry_mist,
          minmay_misc_feat_chi, uniq_natasha, uniq_edmund
D:5:      layout_basic, marbit_many_paths, old_standard_altar,
          minmay_misc_feat_four_crosses, corexii_hall_statues_x, glass_columns_a

Skill      XL: |  1  2  3  4  5  6 |
---------------+-------------------+-----
Conjurations   | 4 5 6 |  6.6
Spellcasting   | 3 4 |  4.0
Armour         | 1 |  1.1
Dodging        | |  1.7
Stealth        | |  1.7

Action                   |  1- 3 |  4- 6 || total
-------------------------+-------+-------++-------
Melee: War axe           |       |     4 ||     4
Throw: Stone             |       |     1 ||     1
 Cast: Magic Dart        |    41 |    72 ||   113
       Searing Ray       |    16 |    27 ||    43
Armor: Robe              |     1 |     1 ||     2
       Ring mail         |       |     2 ||     2
Dodge: Dodged            |     1 |     8 ||     9
Block: Buckler           |     1 |     2 ||     3

Table legend: (Time is in decaauts)
 A = Elapsed time spent in this place.
 B = Non-inter-level travel time spent in this place.
 C = Inter-level travel time spent in this place.
 D = Time resting spent in this place.
 E = Time spent auto-exploring this place.
 F = Levels seen in this place.
 G = Mean time per level.
                   A        B        C        D        E       F      G
               +--------+--------+--------+--------+--------+-----+--------+
         Total |   5449 |   5146 |    303 |     12 |   4257 |   5 | 1089.8 |
       Dungeon |   5449 |   5146 |    303 |     12 |   4257 |   5 | 1089.8 |
               +--------+--------+--------+--------+--------+-----+--------+

Top non-repeatable levels by time:
     D:3: 1533 daAuts
     D:2: 1395 daAuts
     D:4: 1310 daAuts
     D:1: 1209 daAuts
     D:5: 0 daAuts
